AoeStats
← ur dads dad

Arena

509434699Analyzed
4v4 RM · 5d ago on Sep 26, 2026· 66m 57s· 8 players
Game mode
Random Map
Map size
Large (8 player)
Population
200
Speed
Normal
Resources
Standard
Victory
Conquest
Starting age
Dark Age
Ending age
Imperial Age
RankedLock teamsTeams togetherTeam positionsShared explorationLock speedFull tech treeHidden civsTurbo modeCheats
Victory
Defeat
🇫🇮 Britons · Finland
1206
+13
🇸🇪 Varangians · Sweden
1195
+14
🇫🇮 Aztecs · Finland
1181
+14
🇧🇷 Sicilians · Brazil
1120
+18
🇺🇸 Huns · United States
1187
-16
🇺🇸 Slavs · United States
1150
-15
🇲🇽 Danes · Mexico
1128
-14
🇳🇱 Bengalis · Netherlands
1124
-14
BigPharmA
11:14 Feudal Age
15:45 Castle Age
13:50 Gold Mining
14:30 Double-Bit Axe
15:20 Scale Barding Armor
16:00 Bloodlines
20:16 Chain Barding Armor
21:17 Forging
23:23 Iron Casting
23:48 Horse Collar
24:22 Bow Saw
27:00 Heavy Plow
30:03 Imperial Age
29:55 Husbandry
29:59 Stone Mining
30:08 Cavalier
31:31 Plate Barding Armor
31:57 Blast Furnace
33:11 Gold Shaft Mining
33:17 Wheelbarrow
32:29 Loom
32:30 Town Watch
34:33 Hand Cart
35:41 Paladin
37:34 Light Cavalry
42:23 Hussar
45:42 Two-Man Saw
53:19 Fletching
53:30 Padded Archer Armor
61:38 Ballistics
61:29 Masonry
62:18 Caravan
Dorek xD
11:35 Feudal Age
14:55 Double-Bit Axe
17:13 Castle Age
20:54 Bow Saw
27:22 Wheelbarrow
27:46 Horse Collar
28:30 Hand Cart
28:28 Gold Mining
28:40 Heavy Plow
29:34 Fletching
31:00 Gold Shaft Mining
34:03 Imperial Age
32:21 Ballistics
32:04 Padded Archer Armor
32:46 Stone Mining
33:45 Bodkin Arrow
34:06 Leather Archer Armor
34:31 Stone Shaft Mining
34:06 Cranequins
34:52 Bracer
35:01 Caravan
35:31 Heavy Mounted Crossbowman
36:33 Thumb Ring
36:20 Town Watch
36:21 Loom
38:42 Ring Archer Armor
39:17 Conscription
39:03 Town Patrol
39:51 Forging
40:20 Pikeman
41:50 Halberdier
42:31 Squires
42:16 Arson
43:12 Iron Casting
42:37 Scale Mail Armor
43:43 Bloodlines
43:36 Husbandry
45:13 Blast Furnace
44:19 Scale Barding Armor
43:38 Light Cavalry
45:06 Onager
ur dads dad
11:11 Feudal Age
12:12 Loom
12:26 Double-Bit Axe
14:16 Loom
17:29 Castle Age
15:31 Stone Mining
15:25 Horse Collar
16:18 Gold Mining
18:24 Bow Saw
18:16 Heavy Plow
18:45 Forging
19:25 Wheelbarrow
20:21 Fortified Wall
22:09 Hand Cart
22:39 Town Watch
24:31 Gold Shaft Mining
26:41 Masonry
30:37 Imperial Age
30:52 Imperial Age
28:48 Murder Holes
30:56 Iron Casting
30:24 Scale Mail Armor
32:44 Two-Man Saw
32:16 Crop Rotation
31:24 Onager
33:07 Blast Furnace
31:30 Man-at-Arms
32:13 Squires
33:52 Chemistry
32:59 Siege Engineers
32:31 Pikeman
34:13 Conscription
35:18 Halberdier
37:07 Siege Onager
39:58 Chain Mail Armor
39:52 Scale Barding Armor
39:37 Fletching
40:46 Druzhina
42:42 Plate Mail Armor
46:24 Long Swordsman
56:27 Caravan
65:18 Elite Skirmisher
66:07 Bodkin Arrow
66:13 Padded Archer Armor
viahortus
10:45 Feudal Age
11:30 Double-Bit Axe
14:22 Castle Age
12:20 Horse Collar
15:59 Bow Saw
17:33 Heavy Plow
19:18 Loom
20:12 Town Watch
21:12 Wheelbarrow
22:29 Gold Mining
23:21 Hand Cart
23:46 Stone Mining
27:38 Imperial Age
25:50 Gold Shaft Mining
25:25 Fletching
26:43 Ballistics
26:32 Bodkin Arrow
27:16 Padded Archer Armor
28:22 Leather Archer Armor
29:21 Chemistry
27:44 Elite Elephant Archer
28:31 Bracer
28:43 Husbandry
29:08 Bloodlines
31:26 Ring Archer Armor
31:06 Paiks
31:24 Conscription
32:35 Siege Engineers
32:48 Masonry
38:22 Elite Battle Elephant
42:14 Scale Barding Armor
43:17 Fortified Wall
43:38 Architecture
43:58 Chain Barding Armor
45:31 Plate Barding Armor
45:07 Forging
48:59 Iron Casting
51:53 Blast Furnace
52:49 Caravan
55:32 Murder Holes
61:31 Elite Skirmisher
Matthew 0911
9:04 Loom
11:15 Feudal Age
12:34 Fletching
16:32 Scale Mail Armor
22:03 Double-Bit Axe
26:37 Castle Age
27:45 Bodkin Arrow
28:18 Pikeman
29:00 Squires
29:27 Stone Mining
29:53 Bow Saw
30:46 Chain Mail Armor
31:33 Wheelbarrow
30:56 Horse Collar
31:49 Elite Skirmisher
34:42 Hand Cart
35:59 Crossbowman
39:48 Imperial Age
37:58 Ballistics
37:40 Padded Archer Armor
39:29 Leather Archer Armor
40:32 Bracer
42:16 Chemistry
41:55 Heavy Plow
44:26 Fervor
44:37 Sanctity
44:33 Arson
46:30 Conscription
47:07 Forging
47:34 Halberdier
50:45 Iron Casting
52:17 Siege Engineers
53:19 Plate Mail Armor
56:19 Blast Furnace
54:55 Capped Ram
57:04 Siege Ram
Finarfin
9:17 Feudal Age
10:34 Wheelbarrow
9:40 Horse Collar
9:45 Double-Bit Axe
15:51 Castle Age
16:54 Hand Cart
16:50 Bow Saw
20:53 Heavy Plow
23:52 Gold Mining
26:09 Gold Shaft Mining
25:27 Stone Mining
25:57 Crossbowman
26:42 Town Watch
26:42 Loom
30:40 Imperial Age
27:50 Crossbowman
29:35 Town Patrol
29:26 Fletching
29:36 Padded Archer Armor
30:48 Bodkin Arrow
31:08 Leather Archer Armor
31:15 Ballistics
31:01 Treadmill Crane
31:32 Masonry
31:46 Bracer
32:48 Chemistry
31:11 Arbalester
31:14 Capped Ram
33:41 Ring Archer Armor
33:43 Architecture
33:09 Murder Holes
34:37 Fortified Wall
34:52 Conscription
35:19 Yeomen
35:28 Elite Skirmisher
37:48 Hoardings
38:39 Elite Longbowman
38:50 Sappers
45:01 Guilds
46:20 Scale Barding Armor
46:26 Forging
46:31 Light Cavalry
47:11 Husbandry
50:21 Iron Casting
51:07 Chain Barding Armor
52:14 Cavalier
53:55 Blast Furnace
60:11 Coinage
59:41 Caravan
64:00 Plate Barding Armor
Halola
9:27 Feudal Age
9:55 Double-Bit Axe
9:56 Horse Collar
14:02 Wheelbarrow
17:04 Castle Age
15:03 Loom
16:28 Stone Mining
17:38 Gold Mining
18:40 Bow Saw
19:28 Heavy Plow
20:20 Stone Shaft Mining
21:28 Scale Barding Armor
26:03 Bloodlines
27:27 Chain Barding Armor
27:20 Town Watch
27:50 Forging
27:56 Husbandry
29:46 Iron Casting
29:06 Fletching
33:28 Imperial Age
31:18 Hand Cart
31:57 Masonry
33:03 Vendel Legacy
33:38 Cavalier
34:40 Conscription
34:43 Light Cavalry
35:51 Bodkin Arrow
36:59 Blast Furnace
36:46 Crop Rotation
37:44 Plate Barding Armor
36:51 Pikeman
37:31 Squires
38:32 Ballistics
38:12 Elite Jarl
40:40 Chemistry
39:23 Treadmill Crane
40:12 Bodkin Arrow
42:44 Padded Archer Armor
42:46 Scale Mail Armor
45:45 Bracer
46:01 Chain Mail Armor
47:26 Arson
47:56 Hussar
51:01 Capped Ram
56:04 Siege Engineers
56:30 Architecture
59:45 Two-Man Saw
62:30 Caravan
63:13 Leather Archer Armor
67:55 Ballistics
Mursustaja
10:03 Loom
12:13 Feudal Age
13:22 Double-Bit Axe
13:26 Horse Collar
16:18 Castle Age
17:58 Heavy Plow
18:35 Bow Saw
21:01 Wheelbarrow
22:55 Hand Cart
23:12 Gold Mining
23:13 Stone Mining
24:43 Town Watch
27:03 Gold Shaft Mining
27:03 Stone Shaft Mining
31:17 Imperial Age
29:11 Forging
29:01 Scale Mail Armor
28:52 Fletching
29:02 Treadmill Crane
29:42 Ballistics
29:54 Town Patrol
30:22 Fortified Wall
30:52 Squires
30:16 Man-at-Arms
30:46 Gambesons
30:25 Pikeman
30:54 Arson
32:41 Crop Rotation
32:50 Iron Casting
32:30 Chain Mail Armor
32:53 Conscription
33:14 Elite Jaguar Warrior
33:45 Long Swordsman
36:25 Blast Furnace
35:55 Plate Mail Armor
35:14 Two-Handed Swordsman
36:07 Bodkin Arrow
37:20 Garland Wars
37:53 Champion
39:33 Bracer
39:34 Padded Archer Armor
39:20 Eagle Warrior
42:33 Sanctity
44:48 Leather Archer Armor
44:42 Siege Engineers
44:34 Murder Holes
45:13 Elite Skirmisher
47:46 Atlatl
48:59 Crossbowman
51:56 Caravan
55:18 Arbalester
Connection lost

Rejoining the realm…

Still unreachable

The connection could not be restored.

Session expired

The server has moved on; the page needs a fresh start.